 Dungeon Crawl Stone Soup version 0.23-a0-650-ga4d50d4 (webtiles) character file.

131019 Firecrotchwizard the Martial Artist (level 17, -1/131 HPs)
             Began as a Gnoll Transmuter on Jan 4, 2019.
             Was a High Priest of Okawaru.
             Slain by a wolf spider (17 damage)
             ... on level 3 of the Spider Nest.
             The game lasted 01:43:13 (30106 turns).

Firecrotchwizard the Martial Artist (GnTm)         Turns: 30106, Time: 01:43:13

Health: -1/131     AC: 16    Str: 14    XL:     17   Next: 9%
Magic:  23/33      EV: 29    Int: 20    God:    Okawaru [*****.]
Gold:   1038       SH:  5    Dex: 17    Spells: 4/40 levels left

rFire    . . .     SeeInvis .     - Unarmed
rCold    . . .     Gourm    .   (shield currently unavailable)
rNeg     + + .     Faith    .   y - +1 troll leather armour {regen}
rPois    .         Spirit   .   E - +0 helmet of Theory {rElec rN++ Regen+}
rElec    +         Reflect  +   T - +1 cloak {MR+}
rCorr    +         Harm     .   (gloves currently unavailable)
MR       ++...                  Z - +2 pair of boots
Stlth    ++++++....             Y - +5 amulet of reflection
HPRegen  1.11/turn              h - +5 ring of evasion
MPRegen  0.23/turn              M - ring of resist corrosion

@: lethally poisoned (-1 -> -18), blade hands, heroism
A: distributed training, fangs 1, strong nose
a: End Transformation, Heroism, Finesse, Renounce Religion


You were on level 3 of the Spider Nest.
You worshipped Okawaru.
Okawaru was extremely pleased with you.
You were not hungry.
You had blades for hands.
You visited 5 branches of the dungeon, and saw 26 of its levels.

You collected 2085 gold pieces.
You spent 1047 gold pieces at shops.

Inventory:

Missiles
 a - 379 arrows
 R - 3 throwing nets {=f, !d}
Armour
 p - a +1 buckler of cold resistance (melded)
   (You bought it in a shop on level 2 of the Orcish Mines)
 y - a +1 troll leather armour (worn) {regen}
   (You found it on level 9 of the Dungeon)
 E - the +0 helmet of Theory (worn) {rElec rN++ Regen+}
   (You found it on level 9 of the Dungeon)

   It insulates you from electricity.
   It greatly protects you from negative energy.
   It increases your rate of regeneration.
 F - a +2 pair of gloves (melded)
   (You found it on level 6 of the Dungeon)
 T - a +1 cloak of magic resistance (worn)
   (Okawaru gifted it to you on level 14 of the Dungeon)
 Z - a +2 pair of boots (worn)
   (You found it on level 12 of the Dungeon)
Magical Staves
 G - an uncursed staff of poison {rPois}
   (You took it off Arachne on level 2 of the Spider Nest)
Jewellery
 h - a +5 ring of evasion (left scythe-like blade)
   (You found it on level 3 of the Lair of Beasts)
 z - a +5 ring of strength
   (You found it on level 4 of the Dungeon)
 B - an uncursed ring of ice {rC+, rF-}
   (You found it on level 2 of the Orcish Mines)
 M - a ring of resist corrosion (right scythe-like blade)
   (You found it on level 11 of the Dungeon)
 O - an uncursed ring of protection from magic {MR+, !d}
   (You found it on level 1 of the Lair of Beasts)
 Y - a +5 amulet of reflection (around neck)
   (You acquired it on level 2 of the Orcish Mines)
Wands
 c - a wand of polymorph (6)
   (You found it on level 14 of the Dungeon)
 f - a wand of iceblast (14)
   (You found it on level 4 of the Dungeon)
 v - a wand of paralysis (26)
   (You took it off a centaur on level 9 of the Dungeon)
 I - a wand of disintegration (38)
   (You found it on level 10 of the Dungeon)
 N - a wand of scattershot (4)
   (You found it on level 9 of the Dungeon)
 V - a wand of acid (11)
   (You found it on level 5 of the Lair of Beasts)
Scrolls
 e - 4 scrolls of identify
 j - 5 scrolls of immolation {!r}
 k - a scroll of blinking {!r}
 l - 4 scrolls of enchant weapon
 m - a scroll of torment {unknown}
 o - 2 scrolls of teleportation
 q - 8 scrolls of remove curse
 s - a scroll of magic mapping {!r}
 t - 5 scrolls of amnesia
 A - a scroll of silence {unknown}
 J - a scroll of fear
 X - a scroll of vulnerability {unknown}
Potions
 g - 2 potions of magic
 i - 7 potions of mutation {!q}
 n - 4 potions of ambrosia
 r - 2 potions of brilliance
 u - 4 potions of lignification {!q}
 w - 5 potions of flight
 x - 2 potions of invisibility
 C - 9 potions of curing
 D - a potion of berserk rage {!q}
 H - 2 potions of haste
 L - 4 potions of might
 P - 2 potions of heal wounds
 S - 2 potions of agility
 U - a potion of resistance
Miscellaneous
 Q - a sack of spiders
Comestibles
 d - 42 rations


   Skills:
 + Level 11.3(16.3) Fighting
 + Level 11.1(16.1) Short Blades
 + Level 11.1(16.1) Long Blades
 + Level 11.1(16.1) Axes
 + Level 11.1(16.1) Maces & Flails
 + Level 11.1(16.1) Polearms
 + Level 11.1(16.1) Staves
 + Level 11.1(16.1) Slings
 + Level 11.1(16.1) Bows
 + Level 11.1(16.1) Crossbows
 + Level 11.1(16.1) Throwing
 + Level 11.1(16.1) Armour
 + Level 11.9(16.9) Dodging
 + Level 11.1(16.1) Stealth
 + Level 11.1(16.1) Shields
 + Level 12.6(17.6) Unarmed Combat
 + Level 12.0 Spellcasting
 + Level 9.4 Conjurations
 + Level 9.4 Hexes
 + Level 9.4 Charms
 + Level 9.4 Summonings
 + Level 9.4 Necromancy
 + Level 9.4 Translocations
 + Level 10.2 Transmutations
 + Level 9.4 Fire Magic
 + Level 9.4 Ice Magic
 + Level 9.4 Air Magic
 + Level 9.4 Earth Magic
 + Level 9.4 Poison Magic
 + Level 12.0 Invocations
 + Level 11.1 Evocations


You had 4 spell levels left.
You knew the following spells:

 Your Spells              Type           Power        Failure   Level  Hunger
a - Beastly Appendage     Tmut           ######       7%          1    None
b - Ice Form              Ice/Tmut       ######..     16%         4    #......
c - Spider Form           Tmut/Pois      ######....   11%         3    None
d - Mephitic Cloud        Conj/Pois/Air  #####...     11%         3    None
e - Conjure Flame         Conj/Fire      #####...     11%         3    None
f - Blink                 Tloc           N/A          9%          2    None
g - Swiftness             Chrm/Air       #####...     9%          2    None
h - Freezing Cloud        Conj/Ice/Air   #####.....   63%         6    ######.
s - Sticks to Snakes      Tmut           ######..     8%          2    None
x - Blade Hands           Tmut           ######....   24%         5    ####...
z - Lee's Rapid Deconstr  Erth           #####.....   28%         5    ####...

Your spell library contained the following spells:

 Spells                   Type           Power        Failure   Level  Hunger
 Animate Skeleton         Necr           N/A          8%          1    None
 Apportation              Tloc           #####.       8%          1    None
 Confusing Touch          Hex            #####.       8%          1    None
 Magic Dart               Conj           ####         8%          1    None
 Sandblast                Erth           #####.       8%          1    None
 Shock                    Conj/Air       ####         8%          1    None
 Summon Small Mammal      Summ           ####         8%          1    None
 Call Imp                 Summ           #####...     9%          2    None
 Passwall                 Tmut/Erth      ######..     9%          2    None
 Poisonous Vapours        Pois/Air       #####.       9%          2    None
 Slow                     Hex            #####...     9%          2    None
 Call Canine Familiar     Summ           #####...     11%         3    None
 Confuse                  Hex            #####...     11%         3    None
 Gell's Gravitas          Tloc           #####.....   11%         3    None
 Static Discharge         Conj/Air       #####...     11%         3    None
 Stone Arrow              Conj/Erth      #####.       11%         3    None
 Summon Guardian Golem    Hex/Summ       #####...     11%         3    None
 Petrify                  Tmut/Erth      ######..     16%         4    #......
 Airstrike                Air            #####.....   17%         4    #......
 Summon Ice Beast         Ice/Summ       #####...     17%         4    #......
 Summon Lightning Spire   Summ/Air       #####...     17%         4    #......
 Irradiate                Conj/Tmut      ######....   26%         5    ####...
 Yara's Violent Unravell  Hex/Tmut       ######....   26%         5    ####...
 Lightning Bolt           Conj/Air       #####.....   28%         5    ####...
 Metabolic Englaciation   Hex/Ice        #####.....   28%         5    ####...
 Hydra Form               Tmut           ######....   56%         6    ######.
 Statue Form              Tmut/Erth      ######...    58%         6    ######.
 Poison Arrow             Conj/Pois      #####.....   63%         6    ######.
 Dragon Form              Tmut           ######....   93%         7    #######
 Ring of Flames           Chrm/Fire      #####.....   97%         7    #######
 Chain Lightning          Conj/Air       #####.....   100%        8    #######
 Ignition                 Fire           #####.....   100%        8    #######
 Lehudib's Crystal Spear  Conj/Erth      #####.....   100%        8    #######
 Fire Storm               Conj/Fire      #####.....   100%        9    #######
 Glaciate                 Conj/Ice       #####.....   100%        9    #######
 Shatter                  Erth           #####.....   100%        9    #######
 Tornado                  Air            #####.....   100%        9    #######


Dungeon Overview and Level Annotations

Branches:
Dungeon (14/15)            Temple (1/1) D:5            Lair (6/6) D:11
 Shoals (0/4) Lair:3       Spider (3/4) Lair:4        Slime (0/5) Lair:6
    Orc (2/2) D:9             Elf (0/3) Orc:2        Vaults (0/5) D:14

Altars:
Ashenzari
Cheibriados
Dithmenos
Elyvilon
Fedhas
Gozag
Hepliaklqana
Kikubaaqudgha
Makhleb
Nemelex Xobeh
Okawaru
Qazlal
Ru
Sif Muna
Trog
Uskayaw
Vehumet
Wu Jian
Xom
Yredelemnul
Zin
The Shining One
Beogh
Jiyva

Shops:
D:7 [*   D:11 ?   D:13 }   Orc:1 %   Orc:2 !*[[

Annotations:
D:2 exclusion: oklob plant
D:4 exclusion: 2 jellies
D:6 1 runed door, 2 transporters
D:10 exclusion: Nergalle
D:12 exclusion: Rupert
D:13 4 runed doors
Lair:2 1 runed door, cowTheMighty's ghost, journeyman DECj
Spider:3 3 runed doors, Nikyel's ghost, adept MiMo; Nolozas's ghost, adept MiBe; cranach's ghost, adept DDEE; reptisaurus's ghost, adept OgCj


Innate Abilities, Weirdness & Mutations

Your experience applies equally to all skills.
You have very sharp teeth.
Your uncanny sense of smell can sniff out nearby items.


Message History

You take 1 damage, and have 74/131 hp.
You slice the wolf spider!! You bite the wolf spider.
You feel sick. The wolf spider hits you. You block the wolf spider's attack.
The orb of destruction hits you!
The orb spider pulsates with a strange energy.
You take 24 damage, and have 50/131 hp.
You hit the wolf spider but do no damage.
You feel sick. The wolf spider completely misses you.
The wolf spider closely misses you.
The jumping spider leaps!
You hit the wolf spider.
You bite the wolf spider, but do no damage.
You feel sick. The wolf spider hits you. The wolf spider bites you.
You are more poisoned.
The wolf spider poisons you!
The jumping spider leaps!
The wolf spider completely misses you. The wolf spider misses you.
You take 9 damage, and have 41/131 hp.
You slice the wolf spider!!
You kill the wolf spider!
Okawaru accepts your kill.
You feel very sick. The jumping spider closely misses you.
The jumping spider completely misses you.
You take 2 damage, and have 39/131 hp.
You hit the jumping spider but do no damage.
You feel very sick.
The jumping spider pounces on you but does no damage.
The jumping spider bites you.
* * * LOW HITPOINT WARNING * * *
The jumping spider misses you.
The jumping spider bites you but does no damage.
The jumping spider pounces on you but does no damage.
The jumping spider bites you but does no damage.
You take 4 damage, and have 35/131 hp.
You shred the jumping spider!!!
You kill the jumping spider!
Okawaru accepts your kill.
You feel very sick. The jumping spider misses you.
The jumping spider completely misses you.
You take 2 damage, and have 33/131 hp.
You slice the jumping spider!!
You feel very sick.
The jumping spider leaps!
You take 3 damage, and have 30/131 hp.
You feel very sick.
You see here a wolf spider corpse.
You take 2 damage, and have 28/131 hp.
You feel very sick.
You take 3 damage, and have 25/131 hp.
You feel very sick.
You take 2 damage, and have 23/131 hp.
You feel very sick.
You take 2 damage, and have 21/131 hp.
Your hands revert to their normal proportions.
Your +2 pair of gloves unmelds from your body.
Your +1 buckler of cold resistance unmelds from your body.
You feel resistant to cold.
You feel very sick.
The orb spider weaves a glowing orb of energy.
An orb of destruction comes into view.
You take 2 damage, and have 19/131 hp.
Okay, then.
You blink.
A wolf spider comes into view.
The wolf spider hisses angrily.
A redback comes into view.
You feel very sick. You block the redback's attack.
The orb of destruction moves out of view.
You take 2 damage, and have 17/131 hp.
You now have 31/33 mp.
You feel better.
The redback bites you but does no damage.
You block the redback's attack.
You regained 7 hp, and now have 24/131 hp.
You blink.
The orb spider pulsates with a strange energy.
You regained 2 hp, and now have 26/131 hp.
You now have 29/33 mp.
Your hands turn into razor-sharp scythe blades.
Your +2 pair of gloves melds into your body.
Your +1 buckler of cold resistance melds into your body.
You feel less resistant to cold.
You now have 24/33 mp.
You shred the wolf spider!!!
You bite the wolf spider, but do no damage.
The wolf spider hits you!
* * * LOW HITPOINT WARNING * * *
The wolf spider completely misses you. The redback closely misses you.
You take 6 damage, and have 21/131 hp.
You gain the combat prowess of a mighty hero.
The redback barely misses you.
A demonic crawler comes into view.
The wolf spider misses you. The wolf spider completely misses you.
The redback completely misses you.
You now have 23/33 mp.
You hit the wolf spider. The redback bites you.
* * * LOW HITPOINT WARNING * * *
You are lethally poisoned!
The redback poisons you! The wolf spider hits you!
You die...

.....##....#.^ #...##...##...^. .
#......s...##..#........#...#.###
#...^......s............ #.†<†..
..##.........^.#.#.....#.#.##††..
..#.....#.##...........^^.....#..
.....#.....#.......^.#..#^.#†#...
.#^#...^^...#.#...#^#..........##
#.##...........ss#.....#...^.####
.# ###...#....#s@...##....##..# .
# #....#..[.....#......#^.#.##
##.#..#.^..#.......#....#..^<^##
............##..#s#.^.....>....#
....#.^.....s....^#°.###.##.....
........#...^..#.......##......^.
.......(....##...#..#.÷.†....^#.^
.###.#...††.#.#)#.#.#...#††.....#
######....^...###...#.^.^#.^##


You could see a demonic crawler, a wolf spider, an orb spider and 2 redbacks.

Vanquished Creatures
  Nikola (Spider:3)
  Arachne (Spider:2)
  Rupert (D:12)
  Asterion (Spider:2)
  Frances (D:12)
  Roxanne (Spider:2)
  Kirke (Spider:3)
  3 emperor scorpions
  2 orc warlords (Orc:2)
  An entropy weaver (Spider:3)
  Azrael (D:12)
  Josephine (Lair:5)
  4 hydras
  3 catoblepae (Lair:6)
  Erica (D:10)
  2 centaur warriors (D:13)
  11 death yaks
  6 two-headed ogres
  4 orc high priests (Orc:2)
  Nergalle (D:10)
  An unseen horror (D:13)
  A wizard (D:14)
  5 orc knights
  13 orb spiders
  A necromancer (D:14)
  11 ugly things
  3 manticores
  4 orc sorcerers (Orc:2)
  An oklob plant (Lair:3)
  A deep elf mage (D:14)
  25 wolf spiders
  A moth of wrath (Spider:3)
  4 elephants (Lair:4)
  A centaur zombie (D:14)
  11 spiny frogs
  Psyche (D:11)
  2 gargoyles (D:14)
  A rime drake (Lair:4)
  8 komodo dragons
  A kobold demonologist (D:11)
  4 demonic crawlers
  A freezing wraith (D:12)
  28 jumping spiders
  4 polar bears
  A hornet (Spider:1)
  Grinder (D:3)
  5 blink frogs (Lair:6)
  4 trolls
  3 slime creatures (D:12)
  8 hippogriffs
  Sigmund (D:5)
  3 spriggans
  13 tarantellas
  4 wraiths
  2 shadows (D:14)
  49 redbacks
  4 wyverns
  3 hungry ghosts
  A vampire (D:11)
  3 steam dragons
  4 basilisks
  58 yaks
  4 fire elementals (D:12)
  2 hogs (Spider:2)
  4 vampire mosquitoes (D:14)
  Edmund (D:4)
  5 wargs
  2 hell hounds (D:12)
  10 water moccasins
  11 porcupines
  5 sky beasts
  A black bear (Lair:5)
  48 orc warriors
  4 phantoms
  5 ice beasts
  An eye of draining (D:10)
  15 ogres
  7 wolves
  9 crocodiles
  7 centaurs
  6 big kobolds
  Blork the orc (D:9)
  8 bullfrogs
  6 gnoll sergeants
  8 scorpions
  A wyvern skeleton (D:13)
  10 killer bees (D:11)
  A vampire bat (D:10)
  8 wights
  An electric eel (Lair:3)
  4 howler monkeys
  8 crimson imps
  2 bullfrog zombies (D:13)
  11 hounds
  2 quasits
  4 jellies
  34 orc priests
  35 orc wizards
  2 bullfrog skeletons
  3 centaur skeletons
  6 iguanas
  10 worker ants
  A hound zombie (D:6)
  A hound skeleton (D:10)
  6 worker ant zombies
  11 gnolls
  A howler monkey skeleton (D:8)
  13 adders
  3 shadow imps
  An ooze (D:4)
  An adder zombie (D:9)
  3 adder skeletons
  A worm (D:3)
  3 dart slugs (D:1)
  2 leopard geckos
  127 orcs
  7 ball pythons
  13 bats
  11 giant cockroaches
  11 hobgoblins
  10 jackals
  31 kobolds
  3 quokkas
  6 frilled lizards
  7 goblins
  A quokka skeleton (D:6)
  5 rats
938 creatures vanquished.

Vanquished Creatures (collateral kills)
  An adder skeleton (D:4)
  A giant cockroach (D:4)
2 creatures vanquished.

Vanquished Creatures (others)
  An orb spider (Spider:3)
  A redback (Spider:3)
  4 humans (Spider:3)
  An orc wizard (D:11)
  7 fungi
  14 plants
  27 toadstools
55 creatures vanquished.

Grand Total: 995 creatures vanquished

Notes
Turn   | Place    | Note
-------+----------+-------------------------------------------
     0 | D:1      | Firecrotchwizard the Gnoll Transmuter began the quest for
                  | the Orb.
     0 | D:1      | Reached XP level 1. HP: 17/17 MP: 6/6
    74 | D:1      | Reached XP level 2. HP: 19/23 MP: 7/7
   395 | D:1      | Reached XP level 3. HP: 26/28 MP: 9/9
   526 | D:2      | Reached skill level 5 in Spellcasting
   799 | D:2      | Learned a level 2 spell: Sticks to Snakes
   803 | D:2      | Learned a level 3 spell: Spider Form
  1170 | D:2      | Found a blossoming altar of Fedhas.
  1194 | D:2      | Noticed an oklob plant
  1348 | D:2      | Reached skill level 1 in Invocations
  1992 | D:3      | Reached skill level 1 in Short Blades
  1992 | D:3      | Reached skill level 1 in Long Blades
  1992 | D:3      | Reached skill level 1 in Axes
  1992 | D:3      | Reached skill level 1 in Maces & Flails
  1992 | D:3      | Reached skill level 1 in Polearms
  1992 | D:3      | Reached skill level 1 in Staves
  1992 | D:3      | Reached skill level 1 in Slings
  1992 | D:3      | Reached skill level 1 in Bows
  1992 | D:3      | Reached skill level 1 in Crossbows
  1992 | D:3      | Reached skill level 1 in Throwing
  1992 | D:3      | Reached skill level 1 in Armour
  1992 | D:3      | Reached skill level 1 in Stealth
  1992 | D:3      | Reached skill level 1 in Shields
  1992 | D:3      | Reached skill level 1 in Evocations
  2005 | D:3      | Reached XP level 4. HP: 26/34 MP: 11/11
  2235 | D:3      | Reached skill level 1 in Conjurations
  2235 | D:3      | Reached skill level 1 in Hexes
  2235 | D:3      | Reached skill level 1 in Charms
  2235 | D:3      | Reached skill level 1 in Summonings
  2235 | D:3      | Reached skill level 1 in Necromancy
  2235 | D:3      | Reached skill level 1 in Translocations
  2235 | D:3      | Reached skill level 1 in Fire Magic
  2235 | D:3      | Reached skill level 1 in Ice Magic
  2235 | D:3      | Reached skill level 1 in Air Magic
  2235 | D:3      | Reached skill level 1 in Earth Magic
  2235 | D:3      | Reached skill level 1 in Poison Magic
  2507 | D:3      | Noticed Grinder
  2522 | D:2      | Reached XP level 5. HP: 36/40 MP: 12/12
  2932 | D:4      | Reached skill level 3 in Fighting
  2968 | D:4      | Reached skill level 4 in Transmutations
  3113 | D:4      | Reached XP level 6. HP: 41/47 MP: 11/13
  3147 | D:4      | Noticed Edmund
  3175 | D:3      | Paralysed by Grinder for 7 turns
  3198 | D:3      | Paralysed by Grinder for 4 turns
  3220 | D:3      | Killed Grinder
  3220 | D:3      | Reached skill level 2 in Short Blades
  3220 | D:3      | Reached skill level 2 in Long Blades
  3220 | D:3      | Reached skill level 2 in Axes
  3220 | D:3      | Reached skill level 2 in Maces & Flails
  3220 | D:3      | Reached skill level 2 in Polearms
  3220 | D:3      | Reached skill level 2 in Staves
  3220 | D:3      | Reached skill level 2 in Slings
  3220 | D:3      | Reached skill level 2 in Bows
  3220 | D:3      | Reached skill level 2 in Crossbows
  3220 | D:3      | Reached skill level 2 in Throwing
  3220 | D:3      | Reached skill level 2 in Armour
  3220 | D:3      | Reached skill level 5 in Dodging
  3220 | D:3      | Reached skill level 2 in Stealth
  3220 | D:3      | Reached skill level 2 in Shields
  3220 | D:3      | Reached skill level 2 in Invocations
  3220 | D:3      | Reached skill level 2 in Evocations
  3380 | D:4      | HP: 10/47 [Edmund/+3 flail of protection (11)]
  3381 | D:4      | HP: 2/47 [Edmund/+3 flail of protection (8)]
  3400 | D:4      | Killed Edmund
  3400 | D:4      | Reached XP level 7. HP: 23/52 MP: 1/15
  3654 | D:4      | Reached skill level 7 in Unarmed Combat
  3659 | D:4      | Reached skill level 2 in Conjurations
  3659 | D:4      | Reached skill level 2 in Hexes
  3659 | D:4      | Reached skill level 2 in Charms
  3659 | D:4      | Reached skill level 2 in Summonings
  3659 | D:4      | Reached skill level 2 in Necromancy
  3659 | D:4      | Reached skill level 2 in Translocations
  3659 | D:4      | Reached skill level 2 in Fire Magic
  3659 | D:4      | Reached skill level 2 in Ice Magic
  3659 | D:4      | Reached skill level 2 in Air Magic
  3659 | D:4      | Reached skill level 2 in Earth Magic
  3659 | D:4      | Reached skill level 2 in Poison Magic
  4029 | D:4      | Reached skill level 3 in Invocations
  4309 | D:4      | HP: 13/53 [poisoned by a kobold]
  4314 | D:4      | HP: 12/53 [poisoned by a kobold]
  4322 | D:4      | HP: 11/53 [poisoned by a kobold]
  4715 | D:5      | Entered Level 5 of the Dungeon
  4716 | D:5      | Found a staircase to the Ecumenical Temple.
  4725 | Temple   | Entered the Ecumenical Temple
  4888 | Temple   | Became a worshipper of Warmaster Okawaru
  5006 | D:5      | Reached XP level 8. HP: 49/60 MP: 16/16
  5314 | D:5      | Reached skill level 4 in Fighting
  5328 | D:5      | Reached skill level 3 in Short Blades
  5328 | D:5      | Reached skill level 3 in Long Blades
  5328 | D:5      | Reached skill level 3 in Axes
  5328 | D:5      | Reached skill level 3 in Maces & Flails
  5328 | D:5      | Reached skill level 3 in Polearms
  5328 | D:5      | Reached skill level 3 in Staves
  5328 | D:5      | Reached skill level 3 in Slings
  5328 | D:5      | Reached skill level 3 in Bows
  5328 | D:5      | Reached skill level 3 in Crossbows
  5328 | D:5      | Reached skill level 3 in Throwing
  5328 | D:5      | Reached skill level 3 in Armour
  5328 | D:5      | Reached skill level 3 in Stealth
  5328 | D:5      | Reached skill level 3 in Shields
  5328 | D:5      | Reached skill level 3 in Evocations
  5586 | D:5      | Noticed Sigmund
  5751 | D:5      | Reached skill level 6 in Spellcasting
  5857 | D:5      | Killed Sigmund
  5857 | D:5      | Reached * piety under Okawaru
  6306 | D:6      | Found a runed door.
  6318 | D:6      | Found a transporter.
  6537 | D:6      | Reached skill level 3 in Conjurations
  6537 | D:6      | Reached skill level 3 in Hexes
  6537 | D:6      | Reached skill level 3 in Charms
  6537 | D:6      | Reached skill level 3 in Summonings
  6537 | D:6      | Reached skill level 3 in Necromancy
  6537 | D:6      | Reached skill level 3 in Translocations
  6537 | D:6      | Reached skill level 3 in Fire Magic
  6537 | D:6      | Reached skill level 3 in Ice Magic
  6537 | D:6      | Reached skill level 3 in Air Magic
  6537 | D:6      | Reached skill level 3 in Earth Magic
  6537 | D:6      | Reached skill level 3 in Poison Magic
  6537 | D:6      | Reached skill level 4 in Invocations
  6707 | D:6      | Reached XP level 9. HP: 57/66 MP: 18/18
  6718 | D:6      | Reached skill level 6 in Dodging
  6721 | D:6      | Reached ** piety under Okawaru
  6721 | D:6      | Reached skill level 5 in Transmutations
  6902 | D:6      | Found a transporter.
  7275 | D:7      | Found a shattered altar of Ashenzari.
  7297 | D:7      | Reached skill level 4 in Short Blades
  7297 | D:7      | Reached skill level 4 in Long Blades
  7297 | D:7      | Reached skill level 4 in Axes
  7297 | D:7      | Reached skill level 4 in Maces & Flails
  7297 | D:7      | Reached skill level 4 in Polearms
  7297 | D:7      | Reached skill level 4 in Staves
  7297 | D:7      | Reached skill level 4 in Slings
  7297 | D:7      | Reached skill level 4 in Bows
  7297 | D:7      | Reached skill level 4 in Crossbows
  7297 | D:7      | Reached skill level 4 in Throwing
  7297 | D:7      | Reached skill level 4 in Armour
  7297 | D:7      | Reached skill level 4 in Stealth
  7297 | D:7      | Reached skill level 4 in Shields
  7297 | D:7      | Reached skill level 4 in Evocations
  7483 | D:7      | Reached skill level 5 in Fighting
  7802 | D:7      | Found Vakhliwe's General Store.
  7810 | D:7      | Bought a potion of heal wounds for 70 gold pieces
  7888 | D:7      | Reached skill level 8 in Unarmed Combat
  8366 | D:7      | Reached skill level 5 in Invocations
  8524 | D:7      | You fall through a shaft!
  8546 | D:8      | Reached *** piety under Okawaru
  8621 | D:8      | Reached XP level 10. HP: 28/74 MP: 20/20
  8838 | D:8      | Reached skill level 7 in Spellcasting
  8838 | D:8      | Reached skill level 4 in Conjurations
  8838 | D:8      | Reached skill level 4 in Hexes
  8838 | D:8      | Reached skill level 4 in Charms
  8838 | D:8      | Reached skill level 4 in Summonings
  8838 | D:8      | Reached skill level 4 in Necromancy
  8838 | D:8      | Reached skill level 4 in Translocations
  8838 | D:8      | Reached skill level 4 in Fire Magic
  8838 | D:8      | Reached skill level 4 in Ice Magic
  8838 | D:8      | Reached skill level 4 in Air Magic
  8838 | D:8      | Reached skill level 4 in Earth Magic
  8838 | D:8      | Reached skill level 4 in Poison Magic
  8844 | D:8      | Learned a level 4 spell: Ice Form
  8850 | D:8      | Learned a level 5 spell: Blade Hands
  8918 | D:7      | Bought a +2 robe of magic resistance for 247 gold pieces
  9129 | D:7      | Found Giymidd's Antique Armour Shop.
  9440 | D:8      | Reached skill level 5 in Short Blades
  9440 | D:8      | Reached skill level 5 in Long Blades
  9440 | D:8      | Reached skill level 5 in Axes
  9440 | D:8      | Reached skill level 5 in Maces & Flails
  9440 | D:8      | Reached skill level 5 in Polearms
  9440 | D:8      | Reached skill level 5 in Staves
  9440 | D:8      | Reached skill level 5 in Slings
  9440 | D:8      | Reached skill level 5 in Bows
  9440 | D:8      | Reached skill level 5 in Crossbows
  9440 | D:8      | Reached skill level 5 in Throwing
  9440 | D:8      | Reached skill level 5 in Armour
  9440 | D:8      | Reached skill level 5 in Stealth
  9440 | D:8      | Reached skill level 5 in Shields
  9440 | D:8      | Reached skill level 5 in Evocations
  9858 | D:8      | Reached skill level 7 in Dodging
 10187 | D:9      | Noticed Blork the orc
 10206 | D:9      | Killed Blork the orc
 10392 | D:9      | Reached skill level 6 in Fighting
 10430 | D:9      | Learned a level 3 spell: Mephitic Cloud
 10509 | D:9      | HP: 16/76 [steam dragon (4)]
 10513 | D:9      | HP: 7/76 [steam dragon (4)]
 10889 | D:9      | Reached **** piety under Okawaru
 11050 | D:9      | Found a staircase to the Orcish Mines.
 11056 | D:9      | Reached skill level 6 in Transmutations
 11056 | D:9      | Reached skill level 6 in Invocations
 11341 | D:9      | HP: 17/76 [troll (9)]
 11551 | D:9      | Got a translucent helmet
 11569 | D:9      | Identified the cursed +0 helmet of Theory {rElec rN++
                  | Regen+} (You found it on level 9 of the Dungeon)
 11701 | D:10     | Entered Level 10 of the Dungeon
 11708 | D:10     | Reached XP level 11. HP: 82/82 MP: 19/22
 11728 | D:10     | Noticed Nergalle
 11821 | D:10     | Found a shattered altar of Ashenzari.
 11864 | D:10     | Killed Nergalle
 11873 | D:10     | Reached ***** piety under Okawaru
 12022 | D:10     | Reached skill level 9 in Unarmed Combat
 12049 | D:10     | Reached skill level 6 in Short Blades
 12049 | D:10     | Reached skill level 6 in Long Blades
 12049 | D:10     | Reached skill level 6 in Axes
 12049 | D:10     | Reached skill level 6 in Maces & Flails
 12049 | D:10     | Reached skill level 6 in Polearms
 12049 | D:10     | Reached skill level 6 in Staves
 12049 | D:10     | Reached skill level 6 in Slings
 12049 | D:10     | Reached skill level 6 in Bows
 12049 | D:10     | Reached skill level 6 in Crossbows
 12049 | D:10     | Reached skill level 6 in Throwing
 12049 | D:10     | Reached skill level 6 in Armour
 12049 | D:10     | Reached skill level 6 in Stealth
 12049 | D:10     | Reached skill level 6 in Shields
 12049 | D:10     | Reached skill level 6 in Evocations
 12204 | D:10     | Reached skill level 5 in Conjurations
 12204 | D:10     | Reached skill level 5 in Hexes
 12204 | D:10     | Reached skill level 5 in Charms
 12204 | D:10     | Reached skill level 5 in Summonings
 12204 | D:10     | Reached skill level 5 in Necromancy
 12204 | D:10     | Reached skill level 5 in Translocations
 12204 | D:10     | Reached skill level 5 in Fire Magic
 12204 | D:10     | Reached skill level 5 in Ice Magic
 12204 | D:10     | Reached skill level 5 in Air Magic
 12204 | D:10     | Reached skill level 5 in Earth Magic
 12204 | D:10     | Reached skill level 5 in Poison Magic
 12374 | D:10     | Noticed Erica
 12385 | D:10     | Killed Erica
 12385 | D:10     | Received a gift from Okawaru
 12385 | D:10     | Reached skill level 8 in Spellcasting
 12559 | D:11     | Noticed Psyche
 12566 | D:11     | Found Lisydeni's Magic Scroll Boutique.
 12573 | D:11     | Killed Psyche
 12671 | D:11     | Noticed a two-headed ogre
 12969 | D:11     | Killed a two-headed ogre
 12992 | D:11     | Noticed a white ugly thing
 12995 | D:11     | Killed a white ugly thing
 12995 | D:11     | Received a gift from Okawaru
 12995 | D:11     | Reached skill level 7 in Invocations
 13038 | D:11     | HP: 18/83 [something (10)]
 13040 | D:11     | Reached skill level 7 in Fighting
 13040 | D:11     | Reached skill level 8 in Dodging
 13108 | D:11     | Found a staircase to the Lair.
 13380 | D:11     | Received a gift from Okawaru
 13690 | D:11     | HP: 25/100 [killer bee (3)]
 13786 | D:11     | Reached XP level 12. HP: 91/91 MP: 11/24
 13883 | D:12     | Noticed Rupert
 14250 | D:12     | Learned a level 3 spell: Conjure Flame
 14289 | D:12     | Noticed a five-headed hydra
 14294 | D:12     | Killed a five-headed hydra
 14294 | D:12     | Received a gift from Okawaru
 14333 | D:12     | Noticed Frances
 14377 | Lair:1   | Entered Level 1 of the Lair of Beasts
 14435 | Lair:1   | Reached skill level 7 in Transmutations
 14558 | Lair:1   | Reached skill level 7 in Short Blades
 14558 | Lair:1   | Reached skill level 7 in Long Blades
 14558 | Lair:1   | Reached skill level 7 in Axes
 14558 | Lair:1   | Reached skill level 7 in Maces & Flails
 14558 | Lair:1   | Reached skill level 7 in Polearms
 14558 | Lair:1   | Reached skill level 7 in Staves
 14558 | Lair:1   | Reached skill level 7 in Slings
 14558 | Lair:1   | Reached skill level 7 in Bows
 14558 | Lair:1   | Reached skill level 7 in Crossbows
 14558 | Lair:1   | Reached skill level 7 in Throwing
 14558 | Lair:1   | Reached skill level 7 in Armour
 14558 | Lair:1   | Reached skill level 7 in Stealth
 14558 | Lair:1   | Reached skill level 7 in Shields
 14558 | Lair:1   | Reached skill level 7 in Evocations
 14830 | Lair:1   | Received a gift from Okawaru
 14915 | Lair:1   | Reached skill level 6 in Conjurations
 14915 | Lair:1   | Reached skill level 6 in Hexes
 14915 | Lair:1   | Reached skill level 6 in Charms
 14915 | Lair:1   | Reached skill level 6 in Summonings
 14915 | Lair:1   | Reached skill level 6 in Necromancy
 14915 | Lair:1   | Reached skill level 6 in Translocations
 14915 | Lair:1   | Reached skill level 6 in Fire Magic
 14915 | Lair:1   | Reached skill level 6 in Ice Magic
 14915 | Lair:1   | Reached skill level 6 in Air Magic
 14915 | Lair:1   | Reached skill level 6 in Earth Magic
 14915 | Lair:1   | Reached skill level 6 in Poison Magic
 15404 | Lair:2   | Noticed an eight-headed hydra
 15414 | Lair:2   | Killed an eight-headed hydra
 15414 | Lair:2   | Reached skill level 9 in Spellcasting
 15414 | Lair:2   | Reached skill level 8 in Invocations
 15419 | Lair:2   | HP: 26/110 [spiny frog (17)]
 15420 | Lair:2   | HP: 11/110 [spiny frog (16)]
 15572 | Lair:2   | Found a shimmering altar of Xom.
 15594 | Lair:2   | Found a runed door.
 16211 | Lair:2   | Found a shimmering altar of Xom.
 16211 | Lair:2   | Noticed cowTheMighty's ghost (journeyman DECj)
 16251 | Lair:3   | Reached skill level 8 in Fighting
 16251 | Lair:3   | Reached skill level 10 in Unarmed Combat
 16435 | Lair:3   | Found a staircase to the Shoals.
 16505 | Lair:3   | Received a gift from Okawaru
 16565 | Lair:3   | Reached skill level 9 in Dodging
 17141 | Lair:4   | Found a hole to the Spider Nest.
 17387 | Lair:4   | Reached XP level 13. HP: 95/98 MP: 23/26
 17799 | Lair:4   | Received a gift from Okawaru
 17977 | Lair:5   | Noticed Josephine
 17985 | Lair:5   | Killed Josephine
 17985 | Lair:5   | Reached skill level 8 in Short Blades
 17985 | Lair:5   | Reached skill level 8 in Long Blades
 17985 | Lair:5   | Reached skill level 8 in Axes
 17985 | Lair:5   | Reached skill level 8 in Maces & Flails
 17985 | Lair:5   | Reached skill level 8 in Polearms
 17985 | Lair:5   | Reached skill level 8 in Staves
 17985 | Lair:5   | Reached skill level 8 in Slings
 17985 | Lair:5   | Reached skill level 8 in Bows
 17985 | Lair:5   | Reached skill level 8 in Crossbows
 17985 | Lair:5   | Reached skill level 8 in Throwing
 17985 | Lair:5   | Reached skill level 8 in Armour
 17985 | Lair:5   | Reached skill level 8 in Stealth
 17985 | Lair:5   | Reached skill level 8 in Shields
 17985 | Lair:5   | Reached skill level 8 in Evocations
 18372 | Lair:5   | Reached skill level 9 in Invocations
 18397 | Lair:5   | Reached skill level 8 in Transmutations
 18790 | Lair:6   | Entered Level 6 of the Lair of Beasts
 18975 | Lair:6   | Reached skill level 7 in Conjurations
 18975 | Lair:6   | Reached skill level 7 in Hexes
 18975 | Lair:6   | Reached skill level 7 in Charms
 18975 | Lair:6   | Reached skill level 7 in Summonings
 18975 | Lair:6   | Reached skill level 7 in Necromancy
 18975 | Lair:6   | Reached skill level 7 in Translocations
 18975 | Lair:6   | Reached skill level 7 in Fire Magic
 18975 | Lair:6   | Reached skill level 7 in Ice Magic
 18975 | Lair:6   | Reached skill level 7 in Air Magic
 18975 | Lair:6   | Reached skill level 7 in Earth Magic
 18975 | Lair:6   | Reached skill level 7 in Poison Magic
 19262 | Lair:6   | Reached skill level 9 in Fighting
 19320 | Lair:6   | HP: 30/121 [yak (2)]
 19325 | Lair:6   | Reached skill level 10 in Spellcasting
 19329 | Lair:6   | HP: 29/121 [hippogriff (4)]
 19463 | Lair:6   | Found a viscous altar of Jiyva.
 19464 | Lair:6   | Found a staircase to the Slime Pits.
 19550 | Lair:6   | Reached XP level 14. HP: 108/108 MP: 25/28
 19601 | Lair:6   | Received a gift from Okawaru
 19823 | Lair:6   | Received a gift from Okawaru
 19823 | Lair:6   | Reached skill level 10 in Dodging
 19892 | Lair:6   | Reached skill level 11 in Unarmed Combat
 19896 | Lair:6   | Received a gift from Okawaru
 19896 | Lair:6   | Reached skill level 9 in Short Blades
 19896 | Lair:6   | Reached skill level 9 in Long Blades
 19896 | Lair:6   | Reached skill level 9 in Axes
 19896 | Lair:6   | Reached skill level 9 in Maces & Flails
 19896 | Lair:6   | Reached skill level 9 in Polearms
 19896 | Lair:6   | Reached skill level 9 in Staves
 19896 | Lair:6   | Reached skill level 9 in Slings
 19896 | Lair:6   | Reached skill level 9 in Bows
 19896 | Lair:6   | Reached skill level 9 in Crossbows
 19896 | Lair:6   | Reached skill level 9 in Throwing
 19896 | Lair:6   | Reached skill level 9 in Armour
 19896 | Lair:6   | Reached skill level 9 in Stealth
 19896 | Lair:6   | Reached skill level 9 in Shields
 19896 | Lair:6   | Reached skill level 9 in Evocations
 20543 | D:7      | Bought a polished ring mail for 288 gold pieces
 20553 | D:7      | Identified the +1 ring mail of Vanity {Int+3} (You bought
                  | it in a shop on level 7 of the Dungeon)
 20883 | D:12     | Noticed Azrael
 21091 | D:12     | Found a sacrificial altar of Ru.
 21171 | D:12     | Received a gift from Okawaru
 21209 | D:12     | Reached skill level 10 in Invocations
 21379 | D:12     | Killed Rupert
 21435 | D:12     | Killed Frances
 21438 | D:12     | HP: 27/109 [poisoned by a green ugly thing]
 21443 | D:12     | HP: 21/109 [poisoned by a green ugly thing]
 21448 | D:12     | HP: 17/109 [poisoned by a green ugly thing]
 21453 | D:12     | HP: 15/109 [poisoned by a green ugly thing]
 21458 | D:12     | HP: 16/109 [poisoned by a green ugly thing]
 21464 | D:12     | HP: 18/109 [poisoned by a green ugly thing]
 21471 | D:11     | HP: 23/109 [poisoned by a green ugly thing]
 21817 | D:12     | Killed Azrael
 21957 | D:13     | Found Bijiop's Gadget Boutique.
 22535 | D:13     | Learned a level 2 spell: Blink
 22551 | D:13     | Found a huge runed gate.
 22552 | D:13     | Found a huge runed gate.
 22553 | D:13     | Found a huge runed gate.
 22569 | D:13     | Reached skill level 8 in Conjurations
 22569 | D:13     | Reached skill level 8 in Hexes
 22569 | D:13     | Reached skill level 8 in Charms
 22569 | D:13     | Reached skill level 8 in Summonings
 22569 | D:13     | Reached skill level 8 in Necromancy
 22569 | D:13     | Reached skill level 8 in Translocations
 22569 | D:13     | Reached skill level 8 in Fire Magic
 22569 | D:13     | Reached skill level 8 in Ice Magic
 22569 | D:13     | Reached skill level 8 in Air Magic
 22569 | D:13     | Reached skill level 8 in Earth Magic
 22569 | D:13     | Reached skill level 8 in Poison Magic
 22576 | D:13     | Reached XP level 15. HP: 46/115 MP: 8/29
 22693 | D:13     | Found a huge runed gate.
 22920 | D:14     | Received a gift from Okawaru
 22920 | D:14     | Reached skill level 9 in Transmutations
 22933 | D:14     | Reached skill level 10 in Fighting
 23074 | D:14     | Received a gift from Okawaru
 23123 | D:14     | Learned a level 2 spell: Swiftness
 23600 | D:14     | Found a gate to the Vaults.
 23764 | D:14     | Found a sacrificial altar of Ru.
 24257 | Orc:1    | Entered Level 1 of the Orcish Mines
 24263 | Orc:1    | Found Vessoan's Food Shoppe.
 24468 | Orc:1    | Found a bloodstained altar of Trog.
 24505 | Orc:2    | Entered Level 2 of the Orcish Mines
 24829 | Orc:2    | Reached skill level 11 in Spellcasting
 24861 | Orc:2    | Found Puhigun's Armour Shoppe.
 24917 | Orc:2    | Found a roughly hewn altar of Beogh.
 24922 | Orc:2    | Noticed an orc warlord
 24963 | Orc:2    | Killed an orc warlord
 25379 | Orc:2    | Found Zixah's Distillery.
 25398 | Orc:2    | Reached skill level 10 in Short Blades
 25398 | Orc:2    | Reached skill level 10 in Long Blades
 25398 | Orc:2    | Reached skill level 10 in Axes
 25398 | Orc:2    | Reached skill level 10 in Maces & Flails
 25398 | Orc:2    | Reached skill level 10 in Polearms
 25398 | Orc:2    | Reached skill level 10 in Staves
 25398 | Orc:2    | Reached skill level 10 in Slings
 25398 | Orc:2    | Reached skill level 10 in Bows
 25398 | Orc:2    | Reached skill level 10 in Crossbows
 25398 | Orc:2    | Reached skill level 10 in Throwing
 25398 | Orc:2    | Reached skill level 10 in Armour
 25398 | Orc:2    | Reached skill level 10 in Stealth
 25398 | Orc:2    | Reached skill level 10 in Shields
 25398 | Orc:2    | Reached skill level 10 in Evocations
 25401 | Orc:2    | Bought a potion of haste for 120 gold pieces
 25401 | Orc:2    | Bought a potion of haste for 120 gold pieces
 25414 | Orc:2    | Found Ostuteng's Assorted Antiques.
 25465 | Orc:2    | Found a roughly hewn altar of Beogh.
 25531 | Orc:2    | Noticed an orc warlord
 25541 | Orc:2    | Killed an orc warlord
 25541 | Orc:2    | Reached skill level 11 in Dodging
 25821 | Orc:2    | Found a staircase to the Elven Halls.
 26167 | Orc:2    | Received a gift from Okawaru
 26167 | Orc:2    | Reached skill level 11 in Invocations
 26192 | Orc:2    | Found Jekkuogg's Antique Armour Emporium.
 26259 | Orc:2    | Bought a runed buckler for 202 gold pieces
 26264 | Orc:2    | Identified 2 scrolls of acquirement
 26649 | Spider:1 | Entered Level 1 of the Spider Nest
 26772 | Spider:1 | Noticed an emperor scorpion
 26792 | Spider:1 | Killed an emperor scorpion
 26884 | Spider:1 | Received a gift from Okawaru
 26894 | Spider:1 | Identified the Almanac of the Cloudy Rocks
 26949 | Spider:1 | Reached skill level 12 in Unarmed Combat
 26954 | Spider:1 | Reached XP level 16. HP: 100/124 MP: 24/31
 27007 | Spider:1 | Got spiked fire dragon scales
 27019 | Spider:1 | Identified the +4 fire dragon scales of the Orb Guardian
                  | {-Cast rElec rF++ rC- rCorr MP+9} (You found it on level 1
                  | of the Spider Nest)
 27034 | Spider:1 | Got a pitted ivory ring
 27036 | Spider:1 | Identified the ring of Puyc {*Drain rC+ rN+ Slay+2} (You
                  | found it on level 1 of the Spider Nest)
 28022 | Spider:1 | HP: 21/124 [wolf spider (13)]
 28023 | Spider:1 | Reached skill level 9 in Conjurations
 28023 | Spider:1 | Reached skill level 9 in Hexes
 28023 | Spider:1 | Reached skill level 9 in Charms
 28023 | Spider:1 | Reached skill level 9 in Summonings
 28023 | Spider:1 | Reached skill level 9 in Necromancy
 28023 | Spider:1 | Reached skill level 9 in Translocations
 28023 | Spider:1 | Reached skill level 9 in Fire Magic
 28023 | Spider:1 | Reached skill level 9 in Ice Magic
 28023 | Spider:1 | Reached skill level 9 in Air Magic
 28023 | Spider:1 | Reached skill level 9 in Earth Magic
 28023 | Spider:1 | Reached skill level 9 in Poison Magic
 28027 | Spider:1 | HP: 20/124 [poisoned by a wolf spider]
 28032 | Spider:1 | HP: 21/124 [poisoned by a wolf spider]
 28127 | Spider:1 | Learned a level 6 spell: Freezing Cloud
 28258 | Spider:2 | Received a gift from Okawaru
 28446 | Spider:2 | HP: 31/124 [demonic crawler (1)]
 28448 | Spider:2 | HP: 15/124 [poisoned by a redback]
 28672 | Spider:2 | Reached skill level 11 in Fighting
 28886 | Spider:2 | Noticed Arachne
 28915 | Spider:2 | Noticed Asterion
 28932 | Spider:2 | Killed Asterion
 28932 | Spider:2 | Received a gift from Okawaru
 28941 | Spider:2 | Killed Arachne
 29024 | Spider:2 | Reached skill level 10 in Transmutations
 29229 | Spider:2 | Noticed Roxanne
 29237 | Spider:2 | Learned a level 5 spell: Lee's Rapid Deconstruction
 29265 | Spider:2 | Killed Roxanne
 29491 | Spider:3 | Found a runed gate.
 29491 | Spider:3 | Found a runed gate.
 29491 | Spider:3 | Found a runed gate.
 29491 | Spider:3 | Noticed cranach's ghost (adept DDEE)
 29491 | Spider:3 | Noticed Nolozas's ghost (adept MiBe)
 29492 | Spider:3 | Noticed reptisaurus's ghost (adept OgCj)
 29494 | Spider:3 | Noticed Nikyel's ghost (adept MiMo)
 29566 | Spider:3 | Received a gift from Okawaru
 29672 | Spider:3 | Noticed Kirke
 29699 | Spider:3 | Killed Kirke
 29699 | Spider:3 | Reached skill level 11 in Short Blades
 29699 | Spider:3 | Reached skill level 11 in Long Blades
 29699 | Spider:3 | Reached skill level 11 in Axes
 29699 | Spider:3 | Reached skill level 11 in Maces & Flails
 29699 | Spider:3 | Reached skill level 11 in Polearms
 29699 | Spider:3 | Reached skill level 11 in Staves
 29699 | Spider:3 | Reached skill level 11 in Slings
 29699 | Spider:3 | Reached skill level 11 in Bows
 29699 | Spider:3 | Reached skill level 11 in Crossbows
 29699 | Spider:3 | Reached skill level 11 in Throwing
 29699 | Spider:3 | Reached skill level 11 in Armour
 29699 | Spider:3 | Reached skill level 11 in Stealth
 29699 | Spider:3 | Reached skill level 11 in Shields
 29699 | Spider:3 | Reached skill level 11 in Evocations
 29732 | Spider:3 | Noticed Nikola
 29751 | Spider:3 | Killed Nikola
 29751 | Spider:3 | Reached skill level 12 in Spellcasting
 29761 | Spider:3 | Reached XP level 17. HP: 49/131 MP: 27/33
 30087 | Spider:3 | Reached skill level 12 in Invocations
 30094 | Spider:3 | HP: 30/131 [poisoned by a wolf spider]
 30099 | Spider:3 | HP: 19/131 [poisoned by a wolf spider]
 30104 | Spider:3 | HP: 21/131 [wolf spider (7)]
 30106 | Spider:3 | Slain by a wolf spider

Vault maps used:
D:1:      shiori_shiawase, kennysheep_nondescript, hangedman_decor_slide_cut
D:2:      minmay_chambers_of_twos, first_ration, tgw_fedhas
D:3:      uniq_grinder
D:4:      cheibrodos_fertilizer, minmay_manual_mail, uniq_edmund
D:5:      minmay_temple_entry_statues_pillars, serial_bayou,
          serial_bayou_shore_b, serial_bayou_lake_a, serial_bayou_pond_c,
          serial_bayou_pond_e, small_statue_intersection, saegor_snake_ambush,
          uniq_sigmund
D:6:      gammafunk_cloud_chamber, glass_columns_a, uniq_crazy_yiuf_cottage
D:7:      cheibrodos_ashenzari_chains, serial_shops, nicolae_shop_trees, shop
D:8:      the_bakery
D:9:      kennysheep_orc_monster_closet_entryway, sword_in_stone
D:10:     basic_altar, roderic_batcave, uniq_nergalle, uniq_erica
D:11:     david_lair_shrubbed, serial_shops,
          nicolae_shop_temple_entry_statues_fountains, st_stairs_6, eino_jars,
          uniq_psyche
D:12:     basic_altar, grunt_potential, uniq_frances, uniq_rupert, uniq_azrael
D:13:     lemuel_bear_cage, serial_shops, shop, dk_noncrumbling_4,
          hangedman_abyss_or_decor_lesser_grid, lightli_minifort
D:14:     david_vaults_1, basic_altar, chequers_mini_garden
Temple:   kilobyte_greek_temple
Lair:1:   lemuel_fruit_tree
Lair:2:   basic_altar, ebering_ghost_xom
Lair:3:   shoals_dummy_entry, serial_bayou_shore_a
Lair:4:   spider_nest_entry_web_field, gauntlet_entry_generic
Lair:5:   forest_entry_grove, uniq_josephine
Lair:6:   evilmike_catoblepas_cave, slime_altar_1, st_stairs_3,
          lemuel_fruit_fields
Spider:1: nicolae_spider_nook
Spider:2: uniq_arachne, uniq_asterion, uniq_roxanne
Spider:3: gammafunk_ghost_cemetery, uniq_nikola, uniq_kirke
Orc:1:    serial_shops, shop, trog_hazing_becter, uniq_maurice
Orc:2:    pubby_orc_utopia, serial_shops

Skill      XL: |  1  2  3  4  5  6  7  8  9 10 11 12 13 14 15 16 17 |
---------------+----------------------------------------------------+-----
Spellcasting   | 5 6 7 8 9 10 11 12 | 12.0
Invocations    | 1 2 3 4 5 6 7 8 9 10 11 12 | 12.0
Short Blades   | 1 2 3 4 5 6 7 8 9 10 11 | 11.1
Long Blades    | 1 2 3 4 5 6 7 8 9 10 11 | 11.1
Axes           | 1 2 3 4 5 6 7 8 9 10 11 | 11.1
Maces & Flails | 1 2 3 4 5 6 7 8 9 10 11 | 11.1
Polearms       | 1 2 3 4 5 6 7 8 9 10 11 | 11.1
Staves         | 1 2 3 4 5 6 7 8 9 10 11 | 11.1
Slings         | 1 2 3 4 5 6 7 8 9 10 11 | 11.1
Bows           | 1 2 3 4 5 6 7 8 9 10 11 | 11.1
Crossbows      | 1 2 3 4 5 6 7 8 9 10 11 | 11.1
Throwing       | 1 2 3 4 5 6 7 8 9 10 11 | 11.1
Armour         | 1 2 3 4 5 6 7 8 9 10 11 | 11.1
Stealth        | 1 2 3 4 5 6 7 8 9 10 11 | 11.1
Shields        | 1 2 3 4 5 6 7 8 9 10 11 | 11.1
Evocations     | 1 2 3 4 5 6 7 8 9 10 11 | 11.1
Conjurations   | 1 2 3 4 5 6 7 8 9 |  9.4
Hexes          | 1 2 3 4 5 6 7 8 9 |  9.4
Charms         | 1 2 3 4 5 6 7 8 9 |  9.4
Summonings     | 1 2 3 4 5 6 7 8 9 |  9.4
Necromancy     | 1 2 3 4 5 6 7 8 9 |  9.4
Translocations | 1 2 3 4 5 6 7 8 9 |  9.4
Fire Magic     | 1 2 3 4 5 6 7 8 9 |  9.4
Ice Magic      | 1 2 3 4 5 6 7 8 9 |  9.4
Air Magic      | 1 2 3 4 5 6 7 8 9 |  9.4
Earth Magic    | 1 2 3 4 5 6 7 8 9 |  9.4
Poison Magic   | 1 2 3 4 5 6 7 8 9 |  9.4
Fighting       | 3 4 5 6 7 8 9 10 11 | 11.3
Transmutations | 4 5 6 7 8 9 10 | 10.2
Dodging        | 5 6 7 8 9 10 11 | 11.9
Unarmed Combat | 7 8 9 10 11 12 | 12.6

Action                   |  1- 3 |  4- 6 |  7- 9 | 10-12 | 13-15 | 16-18 || total
-------------------------+-------+-------+-------+-------+-------+-------++-------
Melee: Unarmed           |   102 |   141 |   472 |   911 |  1412 |   450 ||  3488
       Bite              |     3 |    16 |    53 |   126 |   185 |    57 ||   440
       Headbutt          |     1 |     8 |    26 |    32 |       |       ||    67
       Punch             |     2 |     3 |    23 |    18 |    39 |    23 ||   108
       Kick              |     4 |     6 |    43 |    96 |    20 |       ||   169
 Fire: Longbow           |       |       |       |       |    34 |       ||    34
 Cast: Beastly Appendage |     4 |    10 |    27 |    30 |     3 |       ||    74
       Sticks to Snakes  |       |     9 |    12 |     4 |       |       ||    25
       Ice Form          |       |       |       |     6 |     2 |       ||     8
       Mephitic Cloud    |       |       |       |     1 |     1 |       ||     2
       Spider Form       |       |       |       |     1 |       |       ||     1
       Conjure Flame     |       |       |       |     2 |       |       ||     2
       Blade Hands       |       |       |       |     1 |    34 |    23 ||    58
       Blink             |       |       |       |       |     1 |     5 ||     6
       Lee's Rapid Decon |       |       |       |       |       |     6 ||     6
Invok: Heroism           |       |       |     8 |    38 |    45 |    22 ||   113
       Finesse           |       |       |       |       |     1 |     2 ||     3
 Abil: End Transformatio |       |       |       |       |     1 |       ||     1
Evoke: Wand              |       |       |       |     8 |     1 |     4 ||    13
       Sack of spiders   |       |       |       |     1 |       |       ||     1
  Use: Potion            |       |     3 |     1 |     4 |       |     6 ||    14
       Scroll            |       |     1 |       |    13 |    15 |     8 ||    37
 Stab: Sleeping          |     3 |     4 |    10 |    29 |    29 |     4 ||    79
       Distracted        |       |     1 |     4 |     1 |     2 |     2 ||    10
  Eat: Chunk             |     3 |     5 |    12 |    25 |    31 |     5 ||    81
       Ration            |       |       |     2 |     2 |     3 |     3 ||    10
Armor: Robe              |    10 |       |       |    46 |       |       ||    56
       Leather armour    |     7 |     6 |       |       |       |       ||    13
       Ring mail         |       |    22 |   102 |     3 |       |       ||   127
       Skin              |       |       |       |    25 |     2 |       ||    27
       Troll leather arm |       |       |       |    99 |   212 |   131 ||   442
Dodge: Dodged            |    64 |    83 |   352 |   731 |  1377 |   524 ||  3131
       Deflected         |       |       |       |       |     2 |       ||     2
Block: Buckler           |       |       |       |    81 |   243 |   110 ||   434
       Other             |       |       |       |       |     9 |    81 ||    90
       Reflection        |       |       |       |       |       |     1 ||     1

Table legend:
 A = Non-vault XP
 B = Vault XP
 C = Vault XP percentage of total XP
 D = Non-vault monster count
 E = Vault monster count
 F = Vault count percentage of total count
                 A         B        C        D         E       F
            +---------+---------+-------+---------+---------+-------
      Total |  113508 |   73662 |  39.4 |     642 |     300 |  31.8
            +---------+---------+-------+---------+---------+-------
        D:1 |      36 |       0 |   0.0 |      19 |       0 |   0.0
        D:2 |      27 |      23 |  46.0 |       9 |       8 |  47.1
        D:3 |     104 |     260 |  71.4 |      30 |       1 |   3.2
        D:4 |     411 |     300 |  42.2 |      18 |      10 |  35.7
        D:5 |     610 |     189 |  23.7 |      18 |       4 |  18.2
        D:6 |     796 |       0 |   0.0 |      31 |       0 |   0.0
        D:7 |    1622 |       0 |   0.0 |      42 |       0 |   0.0
        D:8 |    1898 |     224 |  10.6 |      40 |       1 |   2.4
        D:9 |     987 |    1669 |  62.8 |      25 |      24 |  49.0
       D:10 |    1730 |    1810 |  51.1 |      20 |      11 |  35.5
       D:11 |    4227 |    1753 |  29.3 |      29 |      13 |  31.0
       D:12 |    5212 |   10355 |  66.5 |      23 |      21 |  47.7
       D:13 |    6284 |     954 |  13.2 |      29 |       5 |  14.7
       D:14 |    8649 |    2183 |  20.2 |      42 |       3 |   6.7
     Lair:1 |    5322 |       0 |   0.0 |      29 |       0 |   0.0
     Lair:2 |    2960 |       0 |   0.0 |      11 |       0 |   0.0
     Lair:3 |    3109 |       0 |   0.0 |      14 |       0 |   0.0
     Lair:4 |    5049 |     658 |  11.5 |      19 |       3 |  13.6
     Lair:5 |    6920 |    2352 |  25.4 |      15 |       8 |  34.8
     Lair:6 |    6955 |   12168 |  63.6 |      24 |      25 |  51.0
   Spider:1 |   17643 |    4100 |  18.9 |      46 |      10 |  17.9
   Spider:2 |   18940 |    8833 |  31.8 |      51 |       5 |   8.9
   Spider:3 |   11913 |    5560 |  31.8 |      32 |       2 |   5.9
      Orc:1 |    2104 |      12 |   0.6 |      26 |       6 |  18.8
      Orc:2 |       0 |   20259 | 100.0 |       0 |     140 | 100.0
            +---------+---------+-------+---------+---------+-------

Vault maps used:
D:1:      shiori_shiawase, kennysheep_nondescript, hangedman_decor_slide_cut
D:2:      minmay_chambers_of_twos, first_ration, tgw_fedhas
D:3:      uniq_grinder
D:4:      cheibrodos_fertilizer, minmay_manual_mail, uniq_edmund
D:5:      minmay_temple_entry_statues_pillars, serial_bayou,
          serial_bayou_shore_b, serial_bayou_lake_a, serial_bayou_pond_c,
          serial_bayou_pond_e, small_statue_intersection, saegor_snake_ambush,
          uniq_sigmund
D:6:      gammafunk_cloud_chamber, glass_columns_a, uniq_crazy_yiuf_cottage
D:7:      cheibrodos_ashenzari_chains, serial_shops, nicolae_shop_trees, shop
D:8:      the_bakery
D:9:      kennysheep_orc_monster_closet_entryway, sword_in_stone
D:10:     basic_altar, roderic_batcave, uniq_nergalle, uniq_erica
D:11:     david_lair_shrubbed, serial_shops,
          nicolae_shop_temple_entry_statues_fountains, st_stairs_6, eino_jars,
          uniq_psyche
D:12:     basic_altar, grunt_potential, uniq_frances, uniq_rupert, uniq_azrael
D:13:     lemuel_bear_cage, serial_shops, shop, dk_noncrumbling_4,
          hangedman_abyss_or_decor_lesser_grid, lightli_minifort
D:14:     david_vaults_1, basic_altar, chequers_mini_garden
Temple:   kilobyte_greek_temple
Lair:1:   lemuel_fruit_tree
Lair:2:   basic_altar, ebering_ghost_xom
Lair:3:   shoals_dummy_entry, serial_bayou_shore_a
Lair:4:   spider_nest_entry_web_field, gauntlet_entry_generic
Lair:5:   forest_entry_grove, uniq_josephine
Lair:6:   evilmike_catoblepas_cave, slime_altar_1, st_stairs_3,
          lemuel_fruit_fields
Spider:1: nicolae_spider_nook
Spider:2: uniq_arachne, uniq_asterion, uniq_roxanne
Spider:3: gammafunk_ghost_cemetery, uniq_nikola, uniq_kirke
Orc:1:    serial_shops, shop, trog_hazing_becter, uniq_maurice
Orc:2:    pubby_orc_utopia, serial_shops

Table legend:
 A = Turns spent in this place as a percentage of turns spent in the entire game.
 B = Non-inter-level travel turns spent in this place as a percentage of non-inter-level travel turns spent in the entire game.
 C = Inter-level travel turns spent in this place as a percentage of turns spent in this place.
 D = Turns resting spent in this place as a percentage of non-inter-level travel turns spent in this place.
 E = Turns spent auto-exploring this place as a percentage of non-inter-level travel turns spent in this place.
 F = Non-inter-level travel turns spent in this place divided by the number of levels of this place that you've seen.
                   A       B       C       D       E      F
               +-------+-------+-------+-------+-------+----------------------
         Total | 100.0 | 100.0 |   4.9 |  24.4 |  48.1 | 1100.7
       Dungeon |  60.0 |  59.5 |   5.7 |  27.8 |  47.1 | 1216.4
        Temple |   0.7 |   0.6 |  18.5 |   0.0 |  96.3 | 163.0
          Lair |  21.0 |  21.3 |   4.0 |  15.5 |  59.0 | 1013.8
   Spider Nest |  10.9 |  11.3 |   1.3 |  33.0 |  28.5 | 1080.3
  Orcish Mines |   7.4 |   7.3 |   6.0 |  11.4 |  50.6 | 1051.0
               +-------+-------+-------+-------+-------+----------------------

Table legend:
 A = Kills in this place as a percentage of kills in entire the game.
 B = Kills by you in this place as a percentage of kills by you in the entire game.
 C = Kills by friends in this place as a percentage of kills by friends in the entire game.
 D = Other kills in this place as a percentage of other kills in the entire game.
 E = Experience gained in this place as a percentage of experience gained in the entire game.
 F = Experience gained in this place divided by the number of levels of this place that you have seen.
                   A       B       C       D       E      F
               +-------+-------+-------+-------+-------+----------------------
         Total | 100.0 | 100.0 | 100.0 | 100.0 | 100.0 | 7198.8
       Dungeon |  50.5 |  50.4 | 100.0 |  50.0 |  27.9 | 3736.6
          Lair |  15.7 |  15.8 |   0.0 |   0.0 |  24.3 | 7582.2
   Spider Nest |  15.5 |  15.5 |   0.0 |  50.0 |  35.8 | 22329.7
  Orcish Mines |  18.3 |  18.3 |   0.0 |   0.0 |  12.0 | 11187.5
               +-------+-------+-------+-------+-------+----------------------
